 Dungeon Crawl Stone Soup version 0.23.2-1-ga50397a6bc (webtiles) character file.

Game seed: 9367772468280937404

2356 Kobolds4U the Cleaver (level 9, -3/79 HPs)
             Began as a Minotaur Fighter on Apr 18, 2019.
             Was an Initiate of Ashenzari.
             Killed from afar by an electric eel (10 damage)
             ... with a bolt of electricity
             ... on level 7 of the Dungeon.
             The game lasted 00:14:28 (6455 turns).

Kobolds4U the Cleaver (Minotaur Fighter)            Turns: 6455, Time: 00:14:30

Health: -3/79      AC: 15    Str: 22    XL:     9   Next: 20%
Magic:  9/9        EV:  7    Int:  6    God:    Ashenzari [......]
Gold:   525        SH:  0    Dex: 11    Spells: 8/8 levels left

rFire    . . .     SeeInvis .   K - +0 executioner's axe (curse)
rCold    . . .     Gourm    .   (shield currently unavailable)
rNeg     . . .     Faith    .   F - +0 plate armour (curse)
rPois    +         Spirit   .   (helmet restricted)
rElec    .         Reflect  .   p - +0 cloak (curse)
rCorr    .         Harm     .   (no gloves)
MR       .....                  (no boots)
Stlth    ..........             (no amulet)
HPRegen  0.23/turn              v - ring of poison resistance
MPRegen  0.11/turn              (no ring)

@: no status effects
A: retaliatory headbutt, horns 2
a: Curse Item, Renounce Religion


You were on level 7 of the Dungeon.
You worshipped Ashenzari.
Ashenzari was noncommittal.
You were not hungry.

You visited 2 branches of the dungeon, and saw 8 of its levels.
You also visited: Ossuary.

You collected 525 gold pieces.

Inventory:

Hand Weapons
 a - a +0 war axe
 q - a +0 hunting sling
 t - a +0 morningstar
 K - a cursed +0 executioner's axe (weapon)
Missiles
 l - 42 sling bullets
 x - 9 javelins (quivered)
Armour
 m - a +0 chain mail
 p - a cursed +0 cloak (worn)
 F - a cursed +0 plate armour (worn)
Jewellery
 n - an uncursed ring of protection from cold
 v - a ring of poison resistance (left hand)
 E - an uncursed ring of magical power
Wands
 c - a wand of random effects (22)
 H - a wand of enslavement (7)
 I - a wand of acid (5)
Scrolls
 b - a scroll of fog
 e - 6 scrolls of identify
 g - a scroll of noise {unknown}
 i - 4 scrolls of teleportation
 j - a scroll of remove curse
 o - a scroll of fear
 r - 2 scrolls of blinking {unknown}
 y - a scroll of amnesia
 J - a scroll of magic mapping {unknown}
Potions
 d - 3 potions of might
 h - a potion of invisibility {unknown}
 k - 4 potions of curing
 s - 2 potions of brilliance {unknown}
 u - a potion of resistance {unknown}
 w - 2 potions of mutation {unknown}
 z - a potion of agility {unknown}
 A - a potion of haste {unknown}
 B - 2 potions of lignification {unknown}
 C - 2 potions of heal wounds {unknown}
 D - a potion of berserk rage {unknown}
Comestibles
 f - 11 rations
 G - 12 chunks of flesh


   Skills:
 - Level 7.0 Fighting
 + Level 10.1 Axes
 - Level 1.1 Slings
 + Level 9.4 Armour
   Level 3.6 Shields
 + Level 1.7 Evocations


You had 8 spell levels left.
You didn't know any spells.
Your spell library was empty.

Dungeon Overview and Level Annotations

Branches:
Dungeon (7/15)             Temple (1/1) D:5

Altars:
Ashenzari
Gozag
Hepliaklqana
Kikubaaqudgha
Nemelex Xobeh
Qazlal
Sif Muna
Trog
Uskayaw
Vehumet
Xom
Zin
The Shining One


Innate Abilities, Weirdness & Mutations

You reflexively headbutt those who attack you in melee.
You have a pair of horns on your head.


Message History

e - 6 scrolls of identify (gained 1)
The electric eel shoots out a bolt of lightning at you!
The bolt of electricity misses you.
The electric eel shoots out a bolt of lightning at you!
The bolt of electricity hits you!
The electric eel shoots out a bolt of lightning at you!
The bolt of electricity hits you.
The electric eel shoots out a bolt of lightning at you!
The bolt of electricity hits you!
* * * LOW HITPOINT WARNING * * *
The electric eel shoots out a bolt of lightning at you!
The bolt of electricity hits you.
* * * LOW HITPOINT WARNING * * *
The electric eel shoots out a bolt of lightning at you!
The bolt of electricity hits the electric eel.
The electric eel completely resists.
The bolt of electricity hits you!
* * * LOW HITPOINT WARNING * * *
The electric eel shoots out a bolt of lightning at you!
The bolt of electricity hits you!
You die...

###≈≈≈≈###≈..# ..
≈≈≈≈≈≈≈≈≈≈...#######
...≈≈≈≈≈≈;≈≈≈...##.....
.≈###≈≈;≈###≈.....####
#...#≈≈#...#.#####
#.⌠.#..#.⌠.#.# #
#...#..#...#.#
#...###....###..#
#......@........#
#..........######
############


You could see 2 electric eels.

Vanquished Creatures
  Sigmund (D:2)
  2 sky beasts
  3 ice beasts
  An orc warrior (D:6)
  3 ogres
  A centaur (D:6)
  Blork the orc (D:6)
  2 bullfrogs
  2 scorpions (D:4)
  A wight (D:7)
  A hound (D:7)
  6 orc priests
  9 orc wizards
  An iguana (D:7)
  4 worker ants
  A big kobold zombie (Ossuary)
  A hound skeleton (D:4)
  8 mummies (Ossuary)
  7 adders
  3 gnolls (D:2)
  2 shadow imps (D:5)
  An ooze (D:1)
  An adder zombie (D:5)
  4 worms
  3 dart slugs
  4 leopard geckos
  28 orcs
  4 giant cockroaches
  5 goblins
  9 hobgoblins
  9 jackals
  9 kobolds
  2 quokkas
  2 ball pythons (D:4)
  8 bats
  4 frilled lizards
  3 gnoll zombies (Ossuary)
  2 hobgoblin zombies (Ossuary)
  A leopard gecko skeleton (D:7)
  2 orc zombies (Ossuary)
  5 rats
166 creatures vanquished.

Notes
Turn   | Place    | Note
-------+----------+-------------------------------------------
     0 | D:1      | Kobolds4U the Minotaur Fighter began the quest for the Orb.
     0 | D:1      | Reached XP level 1. HP: 19/19 MP: 0/0
    69 | D:1      | Reached XP level 2. HP: 23/27 MP: 1/1
   143 | D:1      | Reached skill level 3 in Axes
   474 | D:1      | Reached XP level 3. HP: 33/33 MP: 2/2
   987 | D:2      | Noticed Sigmund
  1425 | D:2      | Reached skill level 4 in Axes
  1425 | D:2      | Reached XP level 4. HP: 33/41 MP: 3/3
  1990 | D:2      | Killed Sigmund
  1990 | D:2      | Reached skill level 5 in Fighting
  1990 | D:2      | Reached skill level 5 in Axes
  1990 | D:2      | Reached skill level 5 in Armour
  1990 | D:2      | Reached XP level 5. HP: 22/48 MP: 4/4
  2284 | D:3      | Reached XP level 6. HP: 50/56 MP: 5/5
  2308 | D:3      | Noticed an orc warrior
  2716 | D:3      | You fall through a shaft for 2 floors!
  2716 | D:5      | Entered Level 5 of the Dungeon
  2743 | D:5      | Found a radiant altar of Vehumet.
  2758 | D:5      | Reached skill level 6 in Axes
  2984 | D:5      | Found a deep blue altar of Sif Muna.
  3104 | D:4      | Reached XP level 7. HP: 60/62 MP: 6/6
  3271 | D:4      | Reached skill level 7 in Axes
  4371 | D:5      | Found a staircase to the Ecumenical Temple.
  4385 | Temple   | Entered the Ecumenical Temple
  4437 | Temple   | Became a worshipper of Ashenzari the Shackled
  4744 | D:5      | Found a glowing silver altar of Zin.
  4750 | D:5      | Reached XP level 8. HP: 48/71 MP: 7/7
  4759 | D:5      | Found a shimmering altar of Xom.
  4759 | D:5      | Noticed an angel
  4817 | D:6      | Reached skill level 8 in Axes
  5110 | D:6      | Noticed Blork the orc
  5127 | D:6      | Killed Blork the orc
  5137 | D:6      | Found a sand-covered staircase.
  5204 | Ossuary  | Entered an ossuary
  5576 | D:6      | Reached skill level 9 in Axes
  6155 | D:7      | Reached skill level 1 in Slings
  6155 | D:7      | Reached XP level 9. HP: 79/79 MP: 8/8
  6218 | D:7      | Reached skill level 1 in Evocations
  6224 | D:7      | Reached skill level 10 in Axes
  6455 | D:7      | Killed from afar by an electric eel

Skill      XL: |  1  2  3  4  5  6  7  8  9 |
---------------+----------------------------+-----
Fighting       | 4 5 6 7 |  7.0
Axes           | 3 4 5 6 7 9 10 | 10.1
Armour         | 4 5 6 9 |  9.4
Slings         | 1 |  1.1
Evocations     | 1 |  1.7
Shields        | |  3.6

Action                   |  1- 3 |  4- 6 |  7- 9 || total
-------------------------+-------+-------+-------++-------
Melee: War axe           |    76 |    88 |   254 ||   418
       Headbutt          |    12 |    20 |    39 ||    71
Invok: Curse Item        |       |       |     3 ||     3
  Use: Scroll            |       |     2 |     5 ||     7
  Eat: Chunk             |     2 |     5 |    11 ||    18
Armor: Scale mail        |    41 |     9 |       ||    50
       Chain mail        |       |    41 |   103 ||   144
       Plate armour      |       |       |    21 ||    21
Dodge: Dodged            |    42 |    44 |    90 ||   176
